Knights vs Monarchs
Created - February 15, 2020 at 19:13
Goals
|
Knights |
2 |
1 |
0 |
3 |
Monarchs |
0 |
1 |
1 |
2 |
|
Shots
|
Knights |
3 |
11 |
11 |
25 |
Monarchs |
11 |
8 |
13 |
32 |
|
1st period
1. Knights , Noel Acciari 15 (Jonathan Huberdeau 22, Tomas Kundratek 20) at 10:23
2. Knights , Ryan Strome 15 (Miro Aaltonen 26, Jonathan Huberdeau 23) at 17:17
Penalties :
Jordan Martinook (Lon) for Hooking (Minor) at 3:07, Linden Vey (Lon) for Interference (Minor) at 14:23
2nd period
3. Monarchs , Luke Witkowski 21 (Anthony Mantha 8, Morgan Rielly 17) at 15:13
4. Knights , Brendan Gaunce 9 (Nathan Walker 10) at 16:08
Penalties :
Teuvo Teravainen (MAN) for Roughing (Minor) at 10:51
3rd period
5. Monarchs , Jimmy Hayes 20 (Morgan Rielly 18, Aaron Ekblad 19) at 10:36
Penalties :
Noel Acciari (Lon) for Hooking (Minor) at 17:00
Goalie Stats
Elvis Merzlikins (Lon), 30 saves from 32 shots - (0.938), W, 5-2-0, 60:00 minutes
Jason Missiaen (MAN), 22 saves from 25 shots - (0.880), L, 10-6-0, 59:20 minutes
Players Stats for Knights
Player Name G A P +/- PIM S H SB GA TA FO MP PP MP PK MP
------------------------------------------------------------------------------------
Brendan Gaunce 1 0 1 0 0 2 1 0 0 2 3/7 14:01 0:00 2:10
Collin Miller 0 0 0 1 0 0 0 0 0 1 0/0 18:06 0:48 2:43
Jaccob Slavin 0 0 0 0 0 1 0 1 0 2 0/0 21:10 1:11 1:28
Jonathan Huberdeau 0 2 2 2 0 1 3 0 1 0 0/2 19:33 1:00 2:02
Jordan Martinook 0 0 0 -1 2 3 2 0 0 0 0/0 18:03 0:00 2:12
Josh Bailey 0 0 0 1 0 2 3 0 2 1 1/1 17:21 1:00 0:00
Josh Morrissey 0 0 0 0 0 0 2 2 0 0 0/0 15:25 0:00 0:00
Kevin Fiala 0 0 0 0 0 2 0 0 0 0 0/0 8:52 0:00 0:43
Linden Vey 0 0 0 0 2 1 0 0 0 1 1/1 12:02 0:00 0:00
Ludwig Bystrom 0 0 0 2 0 0 1 1 0 1 0/0 14:06 0:00 1:01
Michael Matheson 0 0 0 -1 0 1 2 4 0 1 0/0 25:09 0:48 3:28
Miro Aaltonen 0 1 1 0 0 3 1 0 0 0 8/12 16:54 0:59 1:03
Nathan Walker 0 1 1 0 0 1 2 1 1 0 1/1 12:28 0:59 0:00
Nicolas Petan 0 0 0 0 0 1 1 0 0 0 1/3 8:37 0:00 0:28
Noel Acciari 1 0 1 1 2 1 2 2 0 0 17/34 21:23 1:00 2:16
Ryan Strome 1 0 1 0 0 3 1 0 0 0 0/0 15:42 0:59 0:00
Tomas Kundratek 0 1 1 0 0 2 0 1 0 3 0/0 25:05 1:11 3:14
Vince Hinostroza 0 0 0 0 0 1 2 0 0 0 0/1 10:03 0:00 1:00
Players Stats for Monarchs
Player Name G A P +/- PIM S H SB GA TA FO MP PP MP PK MP
------------------------------------------------------------------------------------
Aaron Ekblad 0 1 1 -2 0 1 0 0 1 1 0/0 25:59 3:36 0:53
Andreas Martinsen 0 0 0 -1 0 2 1 0 2 0 0/0 17:44 2:21 0:39
Anthony Mantha 0 1 1 0 0 2 1 1 0 1 1/1 20:38 2:48 0:39
Brayden Point 0 0 0 -2 0 0 1 0 2 0 10/19 16:03 2:48 0:00
Brett Connolly 0 0 0 0 0 0 1 0 0 0 0/1 8:35 0:00 0:00
Chris Tierney 0 0 0 1 0 3 2 0 0 0 10/19 17:50 2:49 0:58
Elias Lindholm 0 0 0 0 0 1 1 0 0 0 0/2 7:51 0:29 0:00
Griffin Reinhart 0 0 0 0 0 0 0 0 0 1 0/0 14:34 3:36 0:00
Jeff Petry 0 0 0 -1 0 0 0 0 0 0 0/0 5:19 0:00 0:00
Jimmy Hayes 1 0 1 1 0 3 3 1 1 0 1/1 15:58 2:49 0:00
John Draeger 0 0 0 0 0 0 0 0 0 0 0/0 11:30 0:00 1:06
Luke Witkowski 1 0 1 -2 0 5 2 0 1 0 0/0 14:52 0:52 0:49
Max Domi 0 0 0 0 0 1 0 1 0 0 1/1 19:54 2:27 0:00
Morgan Rielly 0 2 2 2 0 0 0 2 1 1 0/0 18:49 2:21 0:00
Nicolas Deslauriers 0 0 0 -1 0 1 0 0 0 0 0/0 8:03 0:00 0:22
Samuel Morin 0 0 0 -2 0 2 1 2 2 0 0/0 19:48 0:00 0:53
Scott Mayfield 0 0 0 -1 0 1 0 1 0 0 0/0 5:43 0:00 0:00
Teuvo Teravainen 0 0 0 1 2 2 0 1 1 0 0/0 15:57 2:49 0:00
Tim Schaller 0 0 0 0 0 8 0 0 1 0 7/18 17:55 0:00 0:31
Zach Trotman 0 0 0 2 0 0 2 1 0 0 0/0 14:58 0:00 1:06
3 Stars
1 - Jonathan Huberdeau (Lon)
2 - Jimmy Hayes (MAN)
3 - Morgan Rielly (MAN)
Power Play
Knights - 0 on 1 Attempt(s) - 0.00%
Monarchs - 0 on 3 Attempt(s) - 0.00%
Penalty Kill
Knights - 3 on 3 Attempt(s) - 100.00%
- Score 0 goal in Penalty Kill
Monarchs - 1 on 1 Attempt(s) - 100.00%
- Score 0 goal in Penalty Kill
Team Stat
Knights - Hits : 23 - Faceoff Wins : 32 - Blocked Shots : 12 - Penalty Minutes : 6
Monarchs - Hits : 15 - Faceoff Wins : 30 - Blocked Shots : 10 - Penalty Minutes : 2
Official
Referees : Unknown
Linesman : Unknown
Game Notes
Jaccob Slavin is injured at 10:00 of 3rd period (Left Leg)
Samuel Morin is injured at 11:03 of 3rd period (Right Foot)
Finance
Level 1 -- Attendance: 2000 (100.00%) -- Ticket Income $60,000
Level 2 -- Attendance: 1000 (100.00%) -- Ticket Income $10,000
Total Attendance: 3000 (100.00%)
Total Ticket Income: $70,000
Other Income: $3,500
Total Income: $73,500
Knights
5 vs 5 Forward
Center Left Wing Right Wing Time % Phy DF OF
1 Noel Acciari Jonathan Huberdeau Josh Bailey 40 1 1 3
2 Miro Aaltonen Jordan Martinook Ryan Strome 30 1 2 2
3 Brendan Gaunce Nathan Walker Linden Vey 20 0 2 3
4 Nicolas Petan Kevin Fiala Vince Hinostroza 10 0 2 3
5 vs 5 Defense
Defense Defense Time % Phy DF OF
1 Jaccob Slavin Tomas Kundratek 40 1 2 2
2 Michael Matheson Josh Morrissey 30 1 2 2
3 Collin Miller Ludwig Bystrom 20 1 2 2
4 Michael Matheson Jaccob Slavin 10 1 2 2
PowerPlay Forward
Center Left Wing Right Wing Time % Phy DF OF
1 Noel Acciari Jonathan Huberdeau Josh Bailey 60 0 1 4
2 Miro Aaltonen Nathan Walker Ryan Strome 40 0 1 4
PowerPlay Defense
Defense Defense Time % Phy DF OF
1 Jaccob Slavin Tomas Kundratek 60 0 1 4
2 Michael Matheson Collin Miller 40 0 1 4
Penalty Kill 4 Players Forward
Center Wing Time % Phy DF OF
1 Noel Acciari Jordan Martinook 60 1 3 1
2 Brendan Gaunce Vince Hinostroza 40 1 3 1
Penalty Kill 4 Players Defense
Defense Defense Time % Phy DF OF
1 Michael Matheson Tomas Kundratek 60 1 3 1
2 Jaccob Slavin Collin Miller 40 1 3 1
Penalty Kill - 3 Players Forward
Forward Time % Phy DF OF
1 Noel Acciari 60 0 4 1
2 Vince Hinostroza 40 0 4 1
Penalty Kill - 3 Players Defense
Defense Defense Time % Phy DF OF
1 Jaccob Slavin Tomas Kundratek 60 1 3 1
2 Michael Matheson Collin Miller 40 1 3 1
4 vs 4 Forward
Center Wing Time % Phy DF OF
1 Noel Acciari Josh Bailey 60 1 2 2
2 Miro Aaltonen Jonathan Huberdeau 40 1 2 2
4 vs 4 Defense
Defense Defense Time % Phy DF OF
1 Tomas Kundratek Jaccob Slavin 60 1 2 2
2 Michael Matheson Collin Miller 40 1 2 2
Last Minutes Offensive
Center Left Wing Right Wing Defense Defense
Noel Acciari Josh Bailey Ryan Strome Collin Miller Jaccob Slavin
Last Minutes Defensive
Center Left Wing Right Wing Defense Defense
Noel Acciari Jordan Martinook Vince Hinostroza Jaccob Slavin Michael Matheson
Goaltenders
Starting : Elvis Merzlikins
Backup : Magnus Hellberg
Extra Forwards
Normal : Jordan Martinook, Linden Vey, Noel Acciari - PP : Linden Vey, Noel Acciari - PK : Noel Acciari
Extra Defensemen
Normal : Jaccob Slavin, Michael Matheson, Collin Miller - PP : Michael Matheson - PK : Ludwig Bystrom, Michael Matheson
Penalty Shots
Nathan Walker, Miro Aaltonen, Kevin Fiala, Noel Acciari, Ryan Strome
Scratches
Zach Nastasiuk (Healthy), Nicklas Jensen (Healthy), Alan Quine (Healthy), David Shields (Healthy), Matthew Benning (Healthy)
Trevor Moore (Healthy), Scott Wilson (Healthy), Curtis Valk (Healthy), Anthony Louis (Healthy), Travis Boyd (Healthy)
Fredrik Claesson (Healthy), Mackenzie MacEachern (Healthy), Valentin Zykov (Healthy), Nikolaj Ehlers (Left Wrist Injury), Jayce Hawryluk (Healthy)
Nikolay Goldobin (Healthy), A.J. Jenks (Healthy), Ryan Collins (Healthy), William Lagesson (Healthy), Eamon McAdam (Healthy)
Philippe Desrosiers (Healthy), Ville Husso (Healthy)
Monarchs
5 vs 5 Forward
Center Left Wing Right Wing Time % Phy DF OF
1 Tim Schaller Max Domi Anthony Mantha 35 1 2 2
2 Chris Tierney Teuvo Teravainen Jimmy Hayes 30 1 2 2
3 Brayden Point Andreas Martinsen Luke Witkowski 30 1 2 2
4 Elias Lindholm Nicolas Deslauriers Brett Connolly 5 1 2 2
5 vs 5 Defense
Defense Defense Time % Phy DF OF
1 Samuel Morin Aaron Ekblad 40 1 3 1
2 Zach Trotman Morgan Rielly 30 0 2 3
3 John Draeger Griffin Reinhart 20 0 3 2
4 Jeff Petry Scott Mayfield 10 1 3 1
PowerPlay Forward
Center Left Wing Right Wing Time % Phy DF OF
1 Brayden Point Max Domi Anthony Mantha 60 1 0 4
2 Chris Tierney Teuvo Teravainen Jimmy Hayes 40 1 0 4
PowerPlay Defense
Defense Defense Time % Phy DF OF
1 Aaron Ekblad Griffin Reinhart 60 0 3 2
2 Andreas Martinsen Morgan Rielly 40 0 3 2
Penalty Kill 4 Players Forward
Center Wing Time % Phy DF OF
1 Chris Tierney Luke Witkowski 60 1 3 1
2 Tim Schaller Nicolas Deslauriers 40 1 3 1
Penalty Kill 4 Players Defense
Defense Defense Time % Phy DF OF
1 John Draeger Zach Trotman 60 1 4 0
2 Samuel Morin Aaron Ekblad 40 1 4 0
Penalty Kill - 3 Players Forward
Forward Time % Phy DF OF
1 Chris Tierney 60 1 3 1
2 Andreas Martinsen 40 1 3 1
Penalty Kill - 3 Players Defense
Defense Defense Time % Phy DF OF
1 John Draeger Zach Trotman 60 1 4 0
2 Aaron Ekblad Samuel Morin 40 1 4 0
4 vs 4 Forward
Center Wing Time % Phy DF OF
1 Max Domi Anthony Mantha 60 1 2 2
2 Chris Tierney Teuvo Teravainen 40 1 2 2
4 vs 4 Defense
Defense Defense Time % Phy DF OF
1 Aaron Ekblad Samuel Morin 60 1 2 2
2 Zach Trotman Griffin Reinhart 40 1 2 2
Last Minutes Offensive
Center Left Wing Right Wing Defense Defense
Chris Tierney Max Domi Anthony Mantha Aaron Ekblad Morgan Rielly
Last Minutes Defensive
Center Left Wing Right Wing Defense Defense
Chris Tierney Nicolas Deslauriers Luke Witkowski John Draeger Zach Trotman
Goaltenders
Starting : Jason Missiaen
Backup : Eric Comrie
Extra Forwards
Normal : Max Domi, Teuvo Teravainen, Brayden Point - PP : Luke Witkowski, Elias Lindholm - PK : Anthony Mantha
Extra Defensemen
Normal : Samuel Morin, Aaron Ekblad, Morgan Rielly - PP : Zach Trotman - PK : Griffin Reinhart, Scott Mayfield
Penalty Shots
Teuvo Teravainen, Brayden Point, Anthony Mantha, Elias Lindholm, Brett Connolly
Scratches
Cedric Paquette (Healthy), Colton Sissons (Healthy), Mike Hoffman (Healthy), Keith Yandle (Healthy), Joel Vermin (Healthy)
Anthony Peluso (Healthy), Gustav Forsling (Healthy), Chase De Leo (Healthy)
% Time on Ice - Knights
Lines # - Real PCT - Wanted PCT - Time Play
Normal Forward
1 - 32% - 40% - 16:30
2 - 29% - 30% - 14:46
3 - 23% - 20% - 11:48
4 - 16% - 10% - 8:09
Normal Defense
1 - 42% - 40% - 21:39
2 - 29% - 30% - 14:43
3 - 22% - 20% - 11:28
4 - 7% - 10% - 3:23
PP Forward
1 - 50% - 60% - 1:00
2 - 50% - 40% - 0:59
PP Defense
1 - 60% - 60% - 1:11
2 - 40% - 40% - 0:48
PK Forward
1 - 83% - 60% - 4:57
2 - 17% - 40% - 1:00
PK Defense
1 - 54% - 60% - 3:14
2 - 46% - 40% - 2:43
PK3 Forward
1 - 0% - 60%
2 - 0% - 40%
PK3 Defense
1 - 0% - 60%
2 - 0% - 40%
44 Forward
1 - 0% - 60%
2 - 0% - 40%
44 Defense
1 - 0% - 60%
2 - 0% - 40%
Last Minute Offensive - 0:00
Last Minute Defensive - 0:51
Total
Forward - 60:00
Defense - 60:00
|
% Time on Ice - Monarchs
Lines # - Real PCT - Wanted PCT - Time Play
Normal Forward
1 - 34% - 35% - 17:32
2 - 26% - 30% - 13:09
3 - 26% - 30% - 13:09
4 - 14% - 5% - 7:20
Normal Defense
1 - 39% - 40% - 19:58
2 - 30% - 30% - 15:29
3 - 20% - 20% - 10:24
4 - 10% - 10% - 5:19
PP Forward
1 - 53% - 60% - 3:08
2 - 47% - 40% - 2:49
PP Defense
1 - 61% - 60% - 3:36
2 - 39% - 40% - 2:21
PK Forward
1 - 82% - 60% - 1:37
2 - 18% - 40% - 0:22
PK Defense
1 - 55% - 60% - 1:06
2 - 45% - 40% - 0:53
PK3 Forward
1 - 0% - 60%
2 - 0% - 40%
PK3 Defense
1 - 0% - 60%
2 - 0% - 40%
44 Forward
1 - 0% - 60%
2 - 0% - 40%
44 Defense
1 - 0% - 60%
2 - 0% - 40%
Last Minute Offensive - 0:54
Last Minute Defensive - 0:00
Total
Forward - 60:00
Defense - 60:00
|
Play-by-Play
1st period
0:01 of 1st period - Noel Acciari wins face-off versus Tim Schaller in neutral zone.
0:12 of 1st period - Wrist shot by Max Domi.
0:12 of 1st period - Deflect By Tim Schaller.
0:12 of 1st period - Stopped by Elvis Merzlikins with a rebound.
0:33 of 1st period - Slapshot by Ryan Strome.
0:33 of 1st period - Shot Misses the Net.
0:40 of 1st period - Off-side.
0:41 of 1st period - Brayden Point wins face-off versus Brendan Gaunce in neutral zone.
1:20 of 1st period - Snap shot by Nicolas Petan.
1:20 of 1st period - Stopped by Jason Missiaen with a rebound.
1:50 of 1st period - Tim Schaller is hit by Michael Matheson and loses puck.
2:30 of 1st period - Icing by Morgan Rielly.
2:31 of 1st period - Nicolas Petan wins face-off versus Elias Lindholm in Monarchs zone.
2:40 of 1st period - Wrist shot by Nicolas Deslauriers.
2:40 of 1st period - Stopped by Elvis Merzlikins without a rebound.
2:41 of 1st period - Noel Acciari wins face-off versus Tim Schaller in Knights zone.
3:07 of 1st period - Minor Penalty to Jordan Martinook for Hooking.
3:08 of 1st period - Noel Acciari wins face-off versus Brayden Point in Knights zone.
4:34 of 1st period - Noel Acciari is hit by Chris Tierney and loses puck.
4:45 of 1st period - Aaron Ekblad is hit by Vince Hinostroza and loses puck.
5:07 of 1st period - Penalty to Jordan Martinook is over, Jordan Martinook is back on ice.
5:44 of 1st period - Icing by Josh Morrissey.
5:45 of 1st period - Brayden Point wins face-off versus Nicolas Petan in Knights zone.
5:52 of 1st period - Luke Witkowski is hit by Michael Matheson and loses puck.
6:13 of 1st period - Slapshot by Miro Aaltonen.
6:13 of 1st period - Shot Blocked by Teuvo Teravainen.
6:33 of 1st period - Wrist shot by Tim Schaller.
6:33 of 1st period - Stopped by Elvis Merzlikins with a rebound.
6:35 of 1st period - Snap shot by Scott Mayfield.
6:35 of 1st period - Stopped by Elvis Merzlikins without a rebound.
6:36 of 1st period - Noel Acciari wins face-off versus Tim Schaller in Knights zone.
7:09 of 1st period - Icing by Aaron Ekblad.
7:10 of 1st period - Brayden Point wins face-off versus Jonathan Huberdeau in Monarchs zone.
8:20 of 1st period - Wrist shot by Elias Lindholm.
8:20 of 1st period - Stopped by Elvis Merzlikins without a rebound.
8:21 of 1st period - Brendan Gaunce wins face-off versus Brett Connolly in Knights zone.
8:51 of 1st period - Wrist shot by Teuvo Teravainen.
8:51 of 1st period - Stopped by Elvis Merzlikins with a rebound.
8:53 of 1st period - Slapshot by Griffin Reinhart.
8:53 of 1st period - Shot Misses the Net.
9:48 of 1st period - Chris Tierney is hit by Nathan Walker and loses puck.
9:53 of 1st period - Snap shot by Nathan Walker.
9:53 of 1st period - Deflect By Brendan Gaunce.
9:53 of 1st period - Shot Misses the Net.
9:53 of 1st period - Puck is out of play.
9:54 of 1st period - Tim Schaller wins face-off versus Noel Acciari in Monarchs zone.
10:07 of 1st period - Wrist shot by Jonathan Huberdeau.
10:07 of 1st period - Deflect By Noel Acciari.
10:07 of 1st period - Shot Blocked by Max Domi.
10:07 of 1st period - Puck is out of play.
10:08 of 1st period - Brayden Point wins face-off versus Noel Acciari in Monarchs zone.
10:23 of 1st period - Snap shot by Noel Acciari.
10:23 of 1st period - Goal by Noel Acciari - Knights : 1 - Monarchs : 0.
10:24 of 1st period - Noel Acciari wins face-off versus Chris Tierney in neutral zone.
11:00 of 1st period - Tim Schaller is hit by Miro Aaltonen.
11:15 of 1st period - Max Domi is hit by Nicolas Petan and loses puck.
11:30 of 1st period - Snap shot by Tim Schaller.
11:30 of 1st period - Stopped by Elvis Merzlikins without a rebound.
11:31 of 1st period - Brayden Point wins face-off versus Jonathan Huberdeau in Knights zone.
11:46 of 1st period - Snap shot by Luke Witkowski.
11:46 of 1st period - Stopped by Elvis Merzlikins without a rebound.
11:47 of 1st period - Jimmy Hayes wins face-off versus Miro Aaltonen in Knights zone.
12:00 of 1st period - Slapshot by Jaccob Slavin.
12:00 of 1st period - Shot Misses the Net.
12:16 of 1st period - Icing by Brayden Point.
12:17 of 1st period - Josh Bailey wins face-off versus Brayden Point in Monarchs zone.
12:20 of 1st period - Snap shot by Noel Acciari.
12:20 of 1st period - Shot Misses the Net.
12:36 of 1st period - Slapshot by Andreas Martinsen.
12:36 of 1st period - Stopped by Elvis Merzlikins with a rebound.
13:10 of 1st period - Slapshot by Luke Witkowski.
13:10 of 1st period - Stopped by Elvis Merzlikins with a rebound.
13:12 of 1st period - Slapshot by Luke Witkowski.
13:12 of 1st period - Shot Misses the Net.
13:14 of 1st period - Snap shot by Morgan Rielly.
13:14 of 1st period - Deflect By Andreas Martinsen.
13:14 of 1st period - Shot Misses the Net.
13:14 of 1st period - Puck is out of play.
13:15 of 1st period - Brendan Gaunce wins face-off versus Chris Tierney in Knights zone.
13:48 of 1st period - Anthony Mantha is hit by Jordan Martinook and loses puck.
14:14 of 1st period - Off-side.
14:15 of 1st period - Chris Tierney wins face-off versus Brendan Gaunce in neutral zone.
14:23 of 1st period - Minor Penalty to Linden Vey for Interference.
14:24 of 1st period - Brayden Point wins face-off versus Noel Acciari in Knights zone.
14:34 of 1st period - Snap shot by Max Domi.
14:34 of 1st period - Stopped by Elvis Merzlikins with a rebound.
16:23 of 1st period - Penalty to Linden Vey is over, Linden Vey is back on ice.
17:17 of 1st period - Wrist shot by Ryan Strome.
17:17 of 1st period - Goal by Ryan Strome - Knights : 2 - Monarchs : 0.
17:18 of 1st period - Noel Acciari wins face-off versus Chris Tierney in neutral zone.
17:21 of 1st period - Jimmy Hayes is hit by Noel Acciari and loses puck.
17:28 of 1st period - Slapshot by Aaron Ekblad.
17:28 of 1st period - Shot Blocked by Tomas Kundratek.
18:04 of 1st period - Icing by Michael Matheson.
18:05 of 1st period - Brendan Gaunce wins face-off versus Brayden Point in Knights zone.
18:27 of 1st period - Snap shot by Andreas Martinsen.
18:27 of 1st period - Shot Blocked by Michael Matheson.
19:49 of 1st period - Max Domi is hit by Jonathan Huberdeau and loses puck.
Goals for this period are 2 for Knights vs 0 for Monarchs .
Shots for this period are 3 for Knights vs 11 for Monarchs .
2nd period
0:01 of 2nd period - Max Domi wins face-off versus Noel Acciari in neutral zone.
0:08 of 2nd period - Slapshot by Jaccob Slavin.
0:08 of 2nd period - Shot Blocked by Samuel Morin.
0:29 of 2nd period - Wrist shot by Tim Schaller.
0:29 of 2nd period - Shot Misses the Net.
0:31 of 2nd period - Snap shot by Anthony Mantha.
0:31 of 2nd period - Shot Blocked by Michael Matheson.
0:41 of 2nd period - Wrist shot by Max Domi.
0:41 of 2nd period - Shot Misses the Net.
0:43 of 2nd period - Slapshot by Samuel Morin.
0:43 of 2nd period - Stopped by Elvis Merzlikins with a rebound.
0:45 of 2nd period - Slapshot by Aaron Ekblad.
0:45 of 2nd period - Shot Blocked by Michael Matheson.
0:47 of 2nd period - Snap shot by Anthony Mantha.
0:47 of 2nd period - Deflect By Tim Schaller.
0:47 of 2nd period - Stopped by Elvis Merzlikins with a rebound.
0:57 of 2nd period - Snap shot by Tim Schaller.
0:57 of 2nd period - Shot Blocked by Josh Morrissey.
0:59 of 2nd period - Snap shot by Anthony Mantha.
0:59 of 2nd period - Shot Blocked by Nathan Walker.
1:05 of 2nd period - Wrist shot by Anthony Mantha.
1:05 of 2nd period - Stopped by Elvis Merzlikins without a rebound.
1:06 of 2nd period - Noel Acciari wins face-off versus Chris Tierney in Knights zone.
1:06 of 2nd period - Noel Acciari is hit by Chris Tierney.
1:28 of 2nd period - Icing by Jaccob Slavin.
1:29 of 2nd period - Brayden Point wins face-off versus Noel Acciari in Knights zone.
1:54 of 2nd period - Jonathan Huberdeau is hit by Jimmy Hayes and loses puck.
2:25 of 2nd period - Icing by Elias Lindholm.
2:26 of 2nd period - Noel Acciari wins face-off versus Elias Lindholm in Monarchs zone.
2:31 of 2nd period - Slapshot by Josh Bailey.
2:31 of 2nd period - Stopped by Jason Missiaen with a rebound.
3:01 of 2nd period - Nicolas Deslauriers is hit by Jordan Martinook and loses puck.
3:22 of 2nd period - Aaron Ekblad is hit by Nathan Walker and loses puck.
3:33 of 2nd period - Slapshot by Josh Bailey.
3:33 of 2nd period - Stopped by Jason Missiaen with a rebound.
3:35 of 2nd period - Slapshot by Jonathan Huberdeau.
3:35 of 2nd period - Shot Misses the Net.
3:37 of 2nd period - Slapshot by Josh Morrissey.
3:37 of 2nd period - Shot Misses the Net.
3:39 of 2nd period - Slapshot by Michael Matheson.
3:39 of 2nd period - Deflect By Samuel Morin.
3:39 of 2nd period - Stopped by Jason Missiaen with a rebound.
3:57 of 2nd period - Wrist shot by Kevin Fiala.
3:57 of 2nd period - Stopped by Jason Missiaen with a rebound.
3:59 of 2nd period - Snap shot by Kevin Fiala.
3:59 of 2nd period - Shot Misses the Net.
4:03 of 2nd period - Snap shot by Vince Hinostroza.
4:03 of 2nd period - Stopped by Jason Missiaen with a rebound.
4:15 of 2nd period - Jordan Martinook is hit by Luke Witkowski.
4:41 of 2nd period - Chris Tierney is hit by Josh Morrissey and loses puck.
4:59 of 2nd period - Icing by Aaron Ekblad.
5:00 of 2nd period - Noel Acciari wins face-off versus Tim Schaller in Monarchs zone.
5:28 of 2nd period - Off-side.
5:29 of 2nd period - Brayden Point wins face-off versus Miro Aaltonen in neutral zone.
5:51 of 2nd period - Slapshot by Ryan Strome.
5:51 of 2nd period - Stopped by Jason Missiaen with a rebound.
6:52 of 2nd period - Andreas Martinsen is hit by Josh Morrissey and loses puck.
6:57 of 2nd period - Slapshot by Ryan Strome.
6:57 of 2nd period - Shot Misses the Net.
6:59 of 2nd period - Snap shot by Miro Aaltonen.
6:59 of 2nd period - Deflect By Luke Witkowski.
6:59 of 2nd period - Shot Misses the Net.
6:59 of 2nd period - Puck is out of play.
7:00 of 2nd period - Chris Tierney wins face-off versus Noel Acciari in Monarchs zone.
7:00 of 2nd period - Chris Tierney is hit by Jonathan Huberdeau.
7:56 of 2nd period - Vince Hinostroza is hit by Elias Lindholm and loses puck.
8:19 of 2nd period - Teuvo Teravainen is hit by Ludwig Bystrom and loses puck.
9:11 of 2nd period - Noel Acciari is hit by Anthony Mantha and loses puck.
9:54 of 2nd period - Slapshot by Kevin Fiala.
9:54 of 2nd period - Stopped by Jason Missiaen without a rebound.
9:55 of 2nd period - Brayden Point wins face-off versus Nicolas Petan in Monarchs zone.
10:10 of 2nd period - Snap shot by Andreas Martinsen.
10:10 of 2nd period - Stopped by Elvis Merzlikins with a rebound.
10:46 of 2nd period - Slapshot by Jaccob Slavin.
10:46 of 2nd period - Stopped by Jason Missiaen with a rebound.
10:48 of 2nd period - Slapshot by Tomas Kundratek.
10:48 of 2nd period - Stopped by Jason Missiaen without a rebound.
10:49 of 2nd period - Chris Tierney wins face-off versus Noel Acciari in Monarchs zone.
10:51 of 2nd period - Minor Penalty to Teuvo Teravainen for Roughing.
10:52 of 2nd period - Chris Tierney wins face-off versus Noel Acciari in Monarchs zone.
12:51 of 2nd period - Penalty to Teuvo Teravainen is over, Teuvo Teravainen is back on ice.
12:58 of 2nd period - Snap shot by Nicolas Deslauriers.
12:58 of 2nd period - Shot Misses the Net.
13:04 of 2nd period - Samuel Morin is hit by Vince Hinostroza and loses puck.
15:13 of 2nd period - Snap shot by Luke Witkowski.
15:13 of 2nd period - Goal by Luke Witkowski - Knights : 2 - Monarchs : 1.
15:14 of 2nd period - Tim Schaller wins face-off versus Noel Acciari in neutral zone.
16:08 of 2nd period - Slapshot by Nathan Walker.
16:08 of 2nd period - Deflect By Brendan Gaunce.
16:08 of 2nd period - Goal by Brendan Gaunce - Knights : 3 - Monarchs : 1.
16:09 of 2nd period - Tim Schaller wins face-off versus Noel Acciari in neutral zone.
17:20 of 2nd period - Snap shot by Max Domi.
17:20 of 2nd period - Shot Misses the Net.
17:34 of 2nd period - Samuel Morin is hit by Noel Acciari.
17:40 of 2nd period - Josh Bailey is hit by Brett Connolly and loses puck.
18:26 of 2nd period - Snap shot by Luke Witkowski.
18:26 of 2nd period - Stopped by Elvis Merzlikins with a rebound.
18:32 of 2nd period - Luke Witkowski is hit by Jonathan Huberdeau.
18:53 of 2nd period - Off-side.
18:54 of 2nd period - Chris Tierney wins face-off versus Miro Aaltonen in neutral zone.
19:03 of 2nd period - Wrist shot by Ryan Strome.
19:03 of 2nd period - Shot Misses the Net.
19:05 of 2nd period - Snap shot by Jordan Martinook.
19:05 of 2nd period - Stopped by Jason Missiaen without a rebound.
19:06 of 2nd period - Noel Acciari wins face-off versus Tim Schaller in Monarchs zone.
19:31 of 2nd period - Miro Aaltonen is hit by Samuel Morin and loses puck.
19:44 of 2nd period - Wrist shot by Jimmy Hayes.
19:44 of 2nd period - Stopped by Elvis Merzlikins without a rebound.
19:45 of 2nd period - Noel Acciari wins face-off versus Brayden Point in Knights zone.
19:45 of 2nd period - Noel Acciari is hit by Zach Trotman.
19:57 of 2nd period - Wrist shot by Luke Witkowski.
19:57 of 2nd period - Stopped by Elvis Merzlikins with a rebound.
Goals for this period are 1 for Knights vs 1 for Monarchs .
Shots for this period are 11 for Knights vs 8 for Monarchs .
3rd period
0:01 of 3rd period - Tim Schaller wins face-off versus Noel Acciari in neutral zone.
0:36 of 3rd period - Off-side.
0:37 of 3rd period - Brayden Point wins face-off versus Brendan Gaunce in neutral zone.
1:10 of 3rd period - Icing by Tomas Kundratek.
1:11 of 3rd period - Miro Aaltonen wins face-off versus Tim Schaller in Knights zone.
1:26 of 3rd period - Wrist shot by Tim Schaller.
1:26 of 3rd period - Stopped by Elvis Merzlikins without a rebound.
1:27 of 3rd period - Noel Acciari wins face-off versus Chris Tierney in Knights zone.
1:34 of 3rd period - Aaron Ekblad is hit by Josh Bailey and loses puck.
1:56 of 3rd period - Off-side.
1:57 of 3rd period - Tim Schaller wins face-off versus Miro Aaltonen in neutral zone.
2:49 of 3rd period - Icing by Zach Trotman.
2:50 of 3rd period - Noel Acciari wins face-off versus Tim Schaller in Monarchs zone.
2:51 of 3rd period - Snap shot by Jonathan Huberdeau.
2:51 of 3rd period - Stopped by Jason Missiaen without a rebound.
2:52 of 3rd period - Chris Tierney wins face-off versus Noel Acciari in Monarchs zone.
3:19 of 3rd period - Nathan Walker is hit by Brayden Point and loses puck.
4:22 of 3rd period - Griffin Reinhart is hit by Josh Bailey and loses puck.
4:29 of 3rd period - Slapshot by John Draeger.
4:29 of 3rd period - Deflect By Chris Tierney.
4:29 of 3rd period - Shot Misses the Net.
4:29 of 3rd period - Puck is out of play.
4:30 of 3rd period - Miro Aaltonen wins face-off versus Brayden Point in Knights zone.
4:55 of 3rd period - Samuel Morin is hit by Josh Bailey and loses puck.
6:05 of 3rd period - Wrist shot by Chris Tierney.
6:05 of 3rd period - Shot Misses the Net.
6:07 of 3rd period - Slapshot by Aaron Ekblad.
6:07 of 3rd period - Stopped by Elvis Merzlikins with a rebound.
6:09 of 3rd period - Snap shot by Teuvo Teravainen.
6:09 of 3rd period - Stopped by Elvis Merzlikins without a rebound.
6:10 of 3rd period - Tim Schaller wins face-off versus Noel Acciari in Knights zone.
6:13 of 3rd period - Wrist shot by Tim Schaller.
6:13 of 3rd period - Shot Misses the Net.
6:15 of 3rd period - Slapshot by Max Domi.
6:15 of 3rd period - Shot Blocked by Noel Acciari.
6:17 of 3rd period - Snap shot by Samuel Morin.
6:17 of 3rd period - Shot Misses the Net.
6:19 of 3rd period - Slapshot by Anthony Mantha.
6:19 of 3rd period - Stopped by Elvis Merzlikins without a rebound.
6:20 of 3rd period - Anthony Mantha wins face-off versus Noel Acciari in Knights zone.
6:21 of 3rd period - Slapshot by Tim Schaller.
6:21 of 3rd period - Stopped by Elvis Merzlikins with a rebound.
6:49 of 3rd period - Snap shot by Tim Schaller.
6:49 of 3rd period - Stopped by Elvis Merzlikins with a rebound.
6:51 of 3rd period - Slapshot by Samuel Morin.
6:51 of 3rd period - Stopped by Elvis Merzlikins without a rebound.
6:52 of 3rd period - Miro Aaltonen wins face-off versus Chris Tierney in Knights zone.
8:08 of 3rd period - Slapshot by Jaccob Slavin.
8:08 of 3rd period - Shot Misses the Net.
8:32 of 3rd period - Icing by Griffin Reinhart.
8:33 of 3rd period - Chris Tierney wins face-off versus Noel Acciari in Monarchs zone.
8:38 of 3rd period - Ludwig Bystrom is hit by Jimmy Hayes and loses puck.
8:57 of 3rd period - Slapshot by Chris Tierney.
8:57 of 3rd period - Stopped by Elvis Merzlikins with a rebound.
8:59 of 3rd period - Wrist shot by Chris Tierney.
8:59 of 3rd period - Shot Blocked by Noel Acciari.
9:03 of 3rd period - Snap shot by Jimmy Hayes.
9:03 of 3rd period - Stopped by Elvis Merzlikins without a rebound.
9:04 of 3rd period - Miro Aaltonen wins face-off versus Brayden Point in Knights zone.
9:11 of 3rd period - Slapshot by Tomas Kundratek.
9:11 of 3rd period - Deflect By Andreas Martinsen.
9:11 of 3rd period - Stopped by Jason Missiaen without a rebound.
9:12 of 3rd period - Miro Aaltonen wins face-off versus Brayden Point in Monarchs zone.
9:27 of 3rd period - Snap shot by Jordan Martinook.
9:27 of 3rd period - Stopped by Jason Missiaen with a rebound.
9:33 of 3rd period - Ryan Strome is hit by Luke Witkowski and loses puck.
9:54 of 3rd period - Backhand shot by Jaccob Slavin.
9:54 of 3rd period - Shot Blocked by Samuel Morin.
10:00 of 3rd period - Snap shot by Andreas Martinsen.
10:00 of 3rd period - Shot Blocked by Jaccob Slavin.
10:00 of 3rd period - Jaccob Slavin from Knights is injured at 10:00 of 3rd period (Left Leg).
10:01 of 3rd period - Noel Acciari wins face-off versus Tim Schaller in Knights zone.
10:36 of 3rd period - Slapshot by Jimmy Hayes.
10:36 of 3rd period - Goal by Jimmy Hayes - Knights : 3 - Monarchs : 2.
10:37 of 3rd period - Tim Schaller wins face-off versus Noel Acciari in neutral zone.
11:02 of 3rd period - Samuel Morin is hit by Ryan Strome and loses puck.
11:03 of 3rd period - Samuel Morin from Monarchs is injured at 11:03 of 3rd period (Right Foot).
11:04 of 3rd period - Noel Acciari wins face-off versus Tim Schaller in Monarchs zone.
11:30 of 3rd period - Michael Matheson is hit by Andreas Martinsen and loses puck.
12:13 of 3rd period - Snap shot by Brett Connolly.
12:13 of 3rd period - Shot Blocked by Michael Matheson.
13:19 of 3rd period - Noel Acciari is hit by Jimmy Hayes and loses puck.
13:30 of 3rd period - Wrist shot by Jimmy Hayes.
13:30 of 3rd period - Shot Blocked by Josh Morrissey.
13:32 of 3rd period - Snap shot by Chris Tierney.
13:32 of 3rd period - Stopped by Elvis Merzlikins with a rebound.
14:11 of 3rd period - Off-side.
14:12 of 3rd period - Miro Aaltonen wins face-off versus Chris Tierney in neutral zone.
14:15 of 3rd period - Slapshot by Miro Aaltonen.
14:15 of 3rd period - Stopped by Jason Missiaen with a rebound.
14:21 of 3rd period - Slapshot by Miro Aaltonen.
14:21 of 3rd period - Stopped by Jason Missiaen without a rebound.
14:22 of 3rd period - Miro Aaltonen wins face-off versus Chris Tierney in Monarchs zone.
14:23 of 3rd period - Snap shot by Ryan Strome.
14:23 of 3rd period - Stopped by Jason Missiaen with a rebound.
14:25 of 3rd period - Snap shot by Jordan Martinook.
14:25 of 3rd period - Stopped by Jason Missiaen with a rebound.
14:27 of 3rd period - Wrist shot by Ryan Strome.
14:27 of 3rd period - Shot Blocked by Scott Mayfield.
14:35 of 3rd period - Snap shot by Miro Aaltonen.
14:35 of 3rd period - Shot Blocked by Jimmy Hayes.
14:37 of 3rd period - Wrist shot by Ryan Strome.
14:37 of 3rd period - Deflect By Miro Aaltonen.
14:37 of 3rd period - Stopped by Jason Missiaen without a rebound.
14:38 of 3rd period - Nathan Walker wins face-off versus Tim Schaller in Monarchs zone.
14:47 of 3rd period - Slapshot by Linden Vey.
14:47 of 3rd period - Stopped by Jason Missiaen without a rebound.
14:48 of 3rd period - Linden Vey wins face-off versus Tim Schaller in Monarchs zone.
15:04 of 3rd period - Slapshot by Tim Schaller.
15:04 of 3rd period - Stopped by Elvis Merzlikins with a rebound.
15:12 of 3rd period - Zach Trotman is hit by Brendan Gaunce and loses puck.
15:23 of 3rd period - Snap shot by Linden Vey.
15:23 of 3rd period - Shot Blocked by Morgan Rielly.
15:25 of 3rd period - Wrist shot by Linden Vey.
15:25 of 3rd period - Shot Blocked by Anthony Mantha.
15:27 of 3rd period - Snap shot by Nathan Walker.
15:27 of 3rd period - Stopped by Jason Missiaen with a rebound.
15:29 of 3rd period - Wrist shot by Tomas Kundratek.
15:29 of 3rd period - Shot Blocked by Zach Trotman.
15:31 of 3rd period - Slapshot by Michael Matheson.
15:31 of 3rd period - Shot Misses the Net.
15:53 of 3rd period - Tomas Kundratek is hit by Zach Trotman and loses puck.
16:32 of 3rd period - Snap shot by Brendan Gaunce.
16:32 of 3rd period - Shot Misses the Net.
16:34 of 3rd period - Snap shot by Linden Vey.
16:34 of 3rd period - Shot Blocked by Morgan Rielly.
16:36 of 3rd period - Wrist shot by Brendan Gaunce.
16:36 of 3rd period - Stopped by Jason Missiaen without a rebound.
16:37 of 3rd period - Noel Acciari wins face-off versus Brayden Point in Monarchs zone.
16:41 of 3rd period - Icing by Scott Mayfield.
16:42 of 3rd period - Noel Acciari wins face-off versus Brayden Point in Monarchs zone.
16:45 of 3rd period - Slapshot by Noel Acciari.
16:45 of 3rd period - Shot Misses the Net.
17:00 of 3rd period - Minor Penalty to Noel Acciari for Hooking.
17:01 of 3rd period - Miro Aaltonen wins face-off versus Chris Tierney in Knights zone.
18:39 of 3rd period - Icing by Jimmy Hayes.
18:40 of 3rd period - Chris Tierney wins face-off versus Brendan Gaunce in Monarchs zone.
19:00 of 3rd period - Penalty to Noel Acciari is over, Noel Acciari is back on ice.
19:14 of 3rd period - Slapshot by Jordan Martinook.
19:14 of 3rd period - Shot Misses the Net.
19:20 of 3rd period - Monarchs , Jason Missiaen is pulled from the net.
19:33 of 3rd period - Off-side.
19:34 of 3rd period - Craig MacTavish call a timeout for Monarchs .
19:34 of 3rd period - Chris Tierney wins face-off versus Noel Acciari in neutral zone.
19:37 of 3rd period - Snap shot by Andreas Martinsen.
19:37 of 3rd period - Shot Misses the Net.
19:39 of 3rd period - Snap shot by Andreas Martinsen.
19:39 of 3rd period - Shot Misses the Net.
19:53 of 3rd period - Snap shot by Chris Tierney.
19:53 of 3rd period - Stopped by Elvis Merzlikins with a rebound.
19:55 of 3rd period - Snap shot by Aaron Ekblad.
19:55 of 3rd period - Shot Blocked by Ludwig Bystrom.
19:57 of 3rd period - Wrist shot by Aaron Ekblad.
19:57 of 3rd period - Deflect By Andreas Martinsen.
19:57 of 3rd period - Shot Misses the Net.
19:57 of 3rd period - Puck is out of play.
19:58 of 3rd period - Chris Tierney wins face-off versus Vince Hinostroza in Knights zone.
Goals for this period are 0 for Knights vs 1 for Monarchs .
Shots for this period are 11 for Knights vs 13 for Monarchs .
Back to the Top